 Dungeon Crawl Stone Soup version 0.25-a0-589-g1e14c549ee (webtiles) character file.

Game seed: 10474185546041441856, levelgen mode: deterministic

2 Esekla the Charlatan (level 1, 0/9 HPs)
             Began as a Spriggan Artificer on Mar 12, 2020.
             Slain by a kobold (1 damage)
             ... on level 2 of the Dungeon.
             The game lasted 00:01:07 (107 turns).

Esekla the Charlatan (Spriggan Artificer)            Turns: 107, Time: 00:01:08

Health: 0/9        AC:  2    Str:  8    XL:     1   Next: 33%
Magic:  4/4        EV: 18    Int: 12    God:
Gold:   22         SH:  0    Dex: 16    Spells: 0/0 levels left

rFire    . . .     SeeInvis +   a - +0 short sword
rCold    . . .     Gourm    .   (shield restricted)
rNeg     . . .     Faith    .   b - +0 robe
rPois    .         Spirit   .   (helmet restricted)
rElec    .         Reflect  .   (no cloak)
rCorr    .         Harm     .   (gloves unavailable)
MR       .....                  (boots unavailable)
Stlth    ++........             (no amulet)
HPRegen  0.03/turn              (no ring)
MPRegen  0.09/turn              (no ring)

@: very quick
A: very small, unfitting armour, see invisible, herbivore, speed 3, slow
metabolism 2
a: no special abilities


You were on level 2 of the Dungeon.
You were not hungry.

You visited 1 branch of the dungeon, and saw 2 of its levels.

You collected 22 gold pieces.

Inventory:

Hand Weapons
 a - a +0 short sword (weapon)
Armour
 b - a +0 robe (worn)
Wands
 c - a wand of flame (15)
 d - a wand of enslavement (15)
 e - a wand of random effects (15)
Scrolls
 h - a scroll of remove curse {unknown}
 i - a scroll of enchant armour {unknown}
Potions
 g - 2 potions of degeneration {unknown}
Comestibles
 f - a ration


   Skills:
 - Level 0.7 Fighting
 * Level 1.3 Short Blades
 + Level 3.0 Dodging
 + Level 2.0 Stealth
 - Level 4.0 Evocations


You couldn't memorise any spells.
You didn't know any spells.
Your spell library was empty.

Dungeon Overview and Level Annotations

Branches:
Dungeon (1/15)

Altars:


Innate Abilities, Weirdness & Mutations

You are very small and have problems with some larger weapons.
You are too small for most types of armour.
You have supernaturally acute eyesight. (SInv)
You are a herbivore.
You cover ground extremely quickly.
You need to consume almost no food.


Message History

Press ? for a list of commands and other information.
A worm comes into view.
A kobold comes into view.
The kobold shouts!
The kobold throws a stone.
The stone misses you.
Things that are here:
a stone; a scroll labeled KUSECH NENI
i - a scroll labeled KUSECH NENI The kobold throws a stone.
The stone hits you but does no damage.
A hobgoblin comes into view.
You now have 22 gold pieces (gained 10).
The kobold throws a stone.
The stone hits you.
* * * LOW HITPOINT WARNING * * *
You see here a stone.
You closely miss the kobold. The kobold misses you.
You completely miss the kobold. The kobold completely misses you.
You hit the kobold but do no damage. The kobold misses you.
You barely miss the kobold. The kobold closely misses you.
You hit the kobold but do no damage. The kobold hits you.
You die...

#....# .....# #(...#
#..#.#
########....###....#
..................>##
g#######....###.....
##....###...#.
#...........#
#.#######...#
#.#..(.@K#..#
#.##.###.#### #....#
#.# ########.#
.........#
#######.......#
#.#####.# #.# #.#


You could see a kobold.

Vanquished Creatures
  2 hobgoblins (D:1)
2 creatures vanquished.

Notes
Turn   | Place    | Note
-------+----------+-------------------------------------------
     0 | D:1      | Esekla the Spriggan Artificer began the quest for the Orb.
     0 | D:1      | Reached XP level 1. HP: 9/9 MP: 4/4
    62 | D:1      | You fall into a shaft and drop 1 floor!
   107 | D:2      | Slain by a kobold

Levels and vault maps discovered:
D:1:      scummos_arrival_simple_crosswalls, layout_rooms, minmay_lizard_pond
D:2:      layout_basic, uniq_sigmund

Skill      XL: |  1 |
---------------+----+-----
Stealth        | 2 |  2.0
Fighting       | |  0.7
Short Blades   | |  1.3
Dodging        | |  3.0
Evocations     | |  4.0

Action                   || total
-------------------------++-------
Melee: Short sword       ||    16
Armor: Robe              ||     1
Dodge: Dodged            ||    11

Table legend:
 A = Non-vault XP
 B = Vault XP
 C = Vault XP percentage of total XP
 D = Non-vault monster count
 E = Vault monster count
 F = Vault count percentage of total count
                 A         B        C        D         E       F
            +---------+---------+-------+---------+---------+-------
      Total |       4 |       0 |   0.0 |       2 |       0 |   0.0
            +---------+---------+-------+---------+---------+-------
        D:1 |       4 |       0 |   0.0 |       2 |       0 |   0.0
            +---------+---------+-------+---------+---------+-------
